 Dungeon Sprint DCSS version 0.21.1-1-g345015f (webtiles) character file.

541 jerryfan the Fighter (level 7, 0/63 HPs)
             Began as a Gnoll Wanderer on May 23, 2018.
             Slain by a hellwing (3 damage)
             ... summoned by a kobold demonologist
             ... in the Dungeon (Sprint I: "Red Sonja") on May 24, 2018.
             The game lasted 00:10:08 (1161 turns).

jerryfan the Fighter (Gnoll Wanderer)               Turns: 1161, Time: 00:10:09

Health: 0/63       AC:  8    Str: 18    XL:     7   Next: 26%
Magic:  14/14      EV: 13    Int: 15    God:
Gold:   147        SH:  0    Dex: 12    Spells: 16/16 levels left

rFire    . . .     SeeInvis .   a - +2 short sword
rCold    . . .     Gourm    .   (no shield)
rNeg     . . .     Faith    .   m - +0 ring mail
rPois    .         Spirit   .   n - +1 hat
rElec    .         Reflect  .   o - +0 cloak
rCorr    .         Harm     .   (no gloves)
MR       .....     NoTele   +   (no boots)
Stlth    ++........             (no amulet)
HPRegen  0.20/turn              (no ring)
MPRegen  0.14/turn              (no ring)

@: very slightly contaminated
A: distributed training, fangs 1, strong nose
a: no special abilities


You were in the Dungeon.
You were not hungry.

You visited 1 branch You collected 521 gold pieces.
You spent 374 gold pieces at shops.

Inventory:

Hand Weapons
 a - a +2 short sword (weapon)
 c - a +0 hand axe
 g - a +4 blowgun
 j - a +1 dagger of distortion
Missiles
 l - 5 curare-tipped needles
Armour
 d - a +0 robe
 m - a +0 ring mail (worn)
 n - a +1 hat (worn)
 o - a +0 cloak (worn)
Wands
 b - a wand of enslavement (13)
 q - a wand of polymorph (8)
Potions
 e - a potion of curing
 h - a potion of haste
 i - 2 potions of magic


   Skills:
 + Level 8.5 Fighting
 + Level 7.0 Short Blades
 + Level 5.2 Long Blades
 + Level 7.0 Axes
 + Level 5.2 Maces & Flails
 + Level 5.2 Polearms
 + Level 5.2 Staves
 + Level 5.2 Slings
 + Level 5.2 Bows
 + Level 5.2 Crossbows
 + Level 5.9 Throwing
 + Level 5.2 Armour
 + Level 5.9 Dodging
 + Level 5.2 Stealth
 + Level 5.2 Shields
 + Level 5.2 Unarmed Combat
 + Level 5.2 Spellcasting
 + Level 4.3 Conjurations
 + Level 4.3 Hexes
 + Level 4.3 Charms
 + Level 4.3 Summonings
 + Level 4.3 Necromancy
 + Level 4.3 Translocations
 + Level 4.3 Transmutations
 + Level 4.3 Fire Magic
 + Level 4.3 Ice Magic
 + Level 4.3 Air Magic
 + Level 4.3 Earth Magic
 + Level 4.3 Poison Magic
 + Level 5.7 Invocations
 + Level 5.9 Evocations


You had 16 spell levels left.
You didn't know any spells.

Dungeon Overview and Level Annotations

Branches:
Dungeon (1/1)

Altars:
Cheibriados
Dithmenos
Elyvilon
Fedhas
Gozag
Hepliaklqana
Kikubaaqudgha
Makhleb
Nemelex Xobeh
Okawaru
Qazlal
Ru
Sif Muna
Trog
Uskayaw
Vehumet
Wu Jian
Xom
Yredelemnul
Zin
The Shining One
Jiyva
Lugonu

Shops:
D [}


Innate Abilities, Weirdness & Mutations

Your experience applies equally to all skills.
You have very sharp teeth.
Your uncanny sense of smell can sniff out nearby items.


Message History

* * * LOW HITPOINT WARNING * * *
Evoke which item? (* to show all) (? for menu, Esc to quit)
Aiming: Enslavement
Press: ? - help, Shift-Dir - straight line, f/p - spriggan
Aim: a spriggan (lightly wounded, chance to defeat MR: 28%)
The spriggan easily resists.
The spriggan hits you.
* * * LOW HITPOINT WARNING * * *
The kobold demonologist mumbles some strange words.
The kobold demonologist looks satisfied for a moment.
The kobold demonologist mumbles some strange words.
There is an open door, spattered with blood here.
The spriggan hits you but does no damage.
The crimson imp blinks!
The hellwing swoops through the air toward you!
The hellwing closely misses you. The hellwing misses you.
You hit the hellwing but do no damage. The spriggan barely misses you.
The hellwing hits you!
* * * LOW HITPOINT WARNING * * *
The hellwing hits you.
You die...

#..####..#...#K####∆∆
## #..#__####..##3#
∆∆ #..#_____##'#_.+
#⌠⌠#_.∩...'.K._# ∆∆
####_..__##_.#+#
∆∆#_____###'#∆ ∆∆∆∆ ∆
############.## ∆
#∩........'.i.+∆∆ ∆∆
∆ ###++++####@..#
##4## ∆#+#∆ ∆∆∆∆∆
∆∆∆∆∆ ∆∆∆∆ ∆∆∆


You could see a hellwing, a kobold demonologist, a sixfirhy and a spriggan.

Vanquished Creatures
  A slime creature (D)
  A yak (D)
  A warg (D)
  A bullfrog (D)
  A scorpion (D)
  A jelly (D)
  Ijyb (D)
7 creatures vanquished.

Vanquished Creatures (others)
  A gargoyle (D)
  A floating eye (D)
2 creatures vanquished.

Grand Total: 9 creatures vanquished

Notes
Turn   | Place    | Note
-------+----------+-------------------------------------------
     0 | D        | jerryfan the Gnoll Wanderer began the quest for the Orb.
     0 | D        | jerryfan set off with: a +2 short sword, a potion of lignification, a +0 hand axe, a +0 robe, a potion of curing, a ration, a potion of heal wounds, a potion of haste, 2 potions of magic, a potion of berserk rage, a scroll of blinking
     0 | D        | Reached XP level 1. HP: 23/23 MP: 2/2
     1 | D        | Noticed Ijyb
    26 | D        | Killed Ijyb
    26 | D        | Reached skill level 1 in Long Blades
    26 | D        | Reached skill level 1 in Maces & Flails
    26 | D        | Reached skill level 1 in Polearms
    26 | D        | Reached skill level 1 in Staves
    26 | D        | Reached skill level 1 in Slings
    26 | D        | Reached skill level 1 in Bows
    26 | D        | Reached skill level 1 in Crossbows
    26 | D        | Reached skill level 1 in Armour
    26 | D        | Reached skill level 1 in Stealth
    26 | D        | Reached skill level 1 in Shields
    26 | D        | Reached skill level 1 in Unarmed Combat
    26 | D        | Reached skill level 1 in Spellcasting
    26 | D        | Reached skill level 1 in Conjurations
    26 | D        | Reached skill level 1 in Hexes
    26 | D        | Reached skill level 1 in Charms
    26 | D        | Reached skill level 1 in Summonings
    26 | D        | Reached skill level 1 in Necromancy
    26 | D        | Reached skill level 1 in Translocations
    26 | D        | Reached skill level 1 in Transmutations
    26 | D        | Reached skill level 1 in Fire Magic
    26 | D        | Reached skill level 1 in Ice Magic
    26 | D        | Reached skill level 1 in Air Magic
    26 | D        | Reached skill level 1 in Earth Magic
    26 | D        | Reached skill level 1 in Poison Magic
    26 | D        | Reached skill level 1 in Invocations
    26 | D        | Reached XP level 2. HP: 19/29 MP: 2/4
   144 | D        | Noticed an ogre
   146 | D        | Noticed a bullfrog
   146 | D        | an ogre changed into a bullfrog
   156 | D        | Killed a bullfrog
   156 | D        | Reached skill level 7 in Fighting
   156 | D        | Reached skill level 5 in Short Blades
   156 | D        | Reached skill level 5 in Axes
   156 | D        | Reached XP level 3. HP: 17/36 MP: 5/7
   156 | D        | Reached XP level 4. HP: 21/43 MP: 5/8
   421 | D        | Noticed Sigmund
   422 | D        | Noticed Sigmund
   422 | D        | Sigmund changed into Sigmund the scorpion
   433 | D        | Killed Sigmund the scorpion
   433 | D        | Reached XP level 5. HP: 38/48 MP: 9/9
   571 | D        | Found an ornate altar of the Wu Jian Council.
   571 | D        | Found a deep blue altar of Sif Muna.
   573 | D        | Found a radiant altar of Vehumet.
   654 | D        | Found Ruol's Gadget Emporium.
   654 | D        | Found an ancient bone altar of Kikubaaqudgha.
   654 | D        | Found a hazy altar of Hepliaklqana.
   654 | D        | Found a stormy altar of Qazlal.
   654 | D        | Found a hide-covered altar of Uskayaw.
   654 | D        | Found a blossoming altar of Fedhas.
   654 | D        | Found a bloodstained altar of Trog.
   654 | D        | Found an iron altar of Okawaru.
   654 | D        | Found a basalt altar of Yredelemnul.
   654 | D        | Found a glowing golden altar of the Shining One.
   654 | D        | Found a snail-covered altar of Cheibriados.
   654 | D        | Found a sacrificial altar of Ru.
   654 | D        | Found a glowing silver altar of Zin.
   654 | D        | Found a shadowy altar of Dithmenos.
   654 | D        | Found a white marble altar of Elyvilon.
   654 | D        | Noticed a yak
   672 | D        | Killed a yak
   672 | D        | Reached skill level 8 in Fighting
   672 | D        | Reached skill level 5 in Throwing
   672 | D        | Reached skill level 5 in Dodging
   672 | D        | Reached skill level 5 in Evocations
   672 | D        | Reached XP level 6. HP: 18/56 MP: 10/12
   673 | D        | Found an opulent altar of Gozag.
   676 | D        | Found a sparkling altar of Nemelex Xobeh.
   678 | D        | Killed a gargoyle
   887 | D        | Noticed Sonja
   888 | D        | Noticed Sonja
   888 | D        | Sonja changed into Sonja the hog
   889 | D        | Noticed Sonja
   889 | D        | Sonja the hog changed into Sonja the warg
   899 | D        | Killed Sonja the warg
   899 | D        | Reached skill level 5 in Invocations
  1027 | D        | Found Gulestr Bemn's Armour Boutique.
  1035 | D        | Bought a +0 cloak for 54 gold pieces
  1081 | D        | Found a burning altar of Makhleb.
  1081 | D        | Found a viscous altar of Jiyva.
  1081 | D        | Found a shimmering altar of Xom.
  1081 | D        | Found a corrupted altar of Lugonu.
  1081 | D        | Noticed a slime creature
  1094 | D        | Bought a box of beasts for 200 gold pieces
  1094 | D        | Bought a wand of polymorph (10) for 120 gold pieces
  1116 | D        | Killed a slime creature
  1116 | D        | Reached skill level 5 in Long Blades
  1116 | D        | Reached skill level 5 in Maces & Flails
  1116 | D        | Reached skill level 5 in Polearms
  1116 | D        | Reached skill level 5 in Staves
  1116 | D        | Reached skill level 5 in Slings
  1116 | D        | Reached skill level 5 in Bows
  1116 | D        | Reached skill level 5 in Crossbows
  1116 | D        | Reached skill level 5 in Armour
  1116 | D        | Reached skill level 5 in Stealth
  1116 | D        | Reached skill level 5 in Shields
  1116 | D        | Reached skill level 5 in Unarmed Combat
  1116 | D        | Reached skill level 5 in Spellcasting
  1116 | D        | Reached XP level 7. HP: 41/63 MP: 14/14
  1131 | D        | Noticed a kobold demonologist
  1132 | D        | Noticed a raiju
  1132 | D        | a kobold demonologist changed into a raiju
  1134 | D        | Noticed a kobold demonologist
  1150 | D        | Noticed a spriggan
  1150 | D        | a raiju changed into a spriggan
  1153 | D        | Noticed a sixfirhy
  1154 | D        | Noticed a hellwing
  1161 | D        | HP: 3/63 [hellwing[a kobold demonologist] (8)]
  1161 | D        | Slain by a hellwing

Skill      XL: |  1  2  3  4  5  6 |
---------------+-------------------+-----
Long Blades    | 1 2 3 4 5 |  5.2
Maces & Flails | 1 2 3 4 5 |  5.2
Polearms       | 1 2 3 4 5 |  5.2
Staves         | 1 2 3 4 5 |  5.2
Slings         | 1 2 3 4 5 |  5.2
Bows           | 1 2 3 4 5 |  5.2
Crossbows      | 1 2 3 4 5 |  5.2
Throwing       | 3 4 5 |  5.9
Armour         | 1 2 3 4 5 |  5.2
Dodging        | 3 4 5 |  5.9
Stealth        | 1 2 3 4 5 |  5.2
Shields        | 1 2 3 4 5 |  5.2
Unarmed Combat | 1 2 3 4 5 |  5.2
Spellcasting   | 1 2 3 4 5 |  5.2
Conjurations   | 1 2 3 4 |  4.3
Hexes          | 1 2 3 4 |  4.3
Charms         | 1 2 3 4 |  4.3
Summonings     | 1 2 3 4 |  4.3
Necromancy     | 1 2 3 4 |  4.3
Translocations | 1 2 3 4 |  4.3
Transmutations | 1 2 3 4 |  4.3
Fire Magic     | 1 2 3 4 |  4.3
Ice Magic      | 1 2 3 4 |  4.3
Air Magic      | 1 2 3 4 |  4.3
Earth Magic    | 1 2 3 4 |  4.3
Poison Magic   | 1 2 3 4 |  4.3
Invocations    | 1 3 4 5 |  5.7
Evocations     | 3 4 5 |  5.9
Fighting       | 7 8 |  8.5
Short Blades   | 5 6 7 |  7.0
Axes           | 5 6 7 |  7.0

Action                   |  1- 3 |  4- 6 |  7- 9 || total
-------------------------+-------+-------+-------++-------
Melee: Unarmed           |    14 |       |       ||    14
       Short sword       |    17 |    53 |     1 ||    71
       Bite              |     1 |     7 |       ||     8
       Punch             |       |     1 |       ||     1
Evoke: Wand              |     2 |     3 |     5 ||    10
       Box of beasts     |       |     1 |       ||     1
  Use: Potion            |       |     3 |       ||     3
       Scroll            |       |       |     1 ||     1
  Eat: Ration            |       |       |     1 ||     1
Armor: Skin              |     1 |     2 |       ||     3
       Ring mail         |     3 |     5 |     1 ||     9
Dodge: Dodged            |    15 |    18 |     4 ||    37
